 Dungeon Crawl Stone Soup version 0.27.0-1-g7a089689b8 (webtiles) character file.

Game seed: 13337974543488453410

39 mainiacjoe the Caller (level 3, -7/26 HPs)
             Began as a Demigod Summoner on Aug 10, 2021.
             Mangled by Sigmund (12 damage)
             ... on level 2 of the Dungeon.
             The game lasted 00:06:22 (1652 turns).

mainiacjoe the Caller (Demigod Summoner)            Turns: 1652, Time: 00:06:22

Health: -7/26      AC:  7    Str:  9    XL:     3   Next: 11%
Magic:  2/8        EV: 12    Int: 21    God:
Gold:   72         SH:  0    Dex: 14    Spells: 0/6 levels left

rFire    . . .     SeeInvis .   b - +0 great sword
rCold    . . .     Faith    .   (shield currently unavailable)
rNeg     . . .     Spirit   .   d - +0 robe
rPois    .         Reflect  .   e - +0 helmet
rElec    .         Harm     .   (no cloak)
rCorr    .         Rampage  .   (no gloves)
Will     .....                  (no boots)
Stlth    ++........             (no amulet)
HPRegen  0.08/turn              i - +4 ring of protection {=R}
MPRegen  0.11/turn              (no ring)

@: no status effects
A: high mp 1, forlorn
a: no special abilities


You were on level 2 of the Dungeon.
You visited 1 branch of the dungeon, and saw 3 of its levels.

You collected 72 gold pieces.

Inventory:

Hand Weapons
 a - a +0 short sword
 b - a +0 great sword (weapon)
Missiles
 f - 2 stones (quivered)
 g - 14 arrows
Armour
 d - a +0 robe (worn)
 e - a +0 helmet (worn)
Jewellery
 i - a +4 ring of protection (left hand) {=R}
Scrolls
 h - a scroll of identify {unknown}


   Skills:
 - Level 2.0 Dodging
 - Level 2.4 Stealth
 + Level 2.1 Spellcasting
 * Level 4.0 Summonings


You couldn't memorise any spells.
You knew the following spells:

 Your Spells              Type           Power      Damage    Failure   Level
a - Summon Small Mammal   Summ           76%        N/A       2%          1
b - Call Imp              Summ           19%        N/A       4%          2
c - Call Canine Familiar  Summ           19%        N/A       9%          3

Your spell library contained the following spells:

 Spells                   Type           Power      Damage    Failure   Level
 Summon Guardian Golem    Hex/Summ       10%        N/A       19%         3
 Tukima's Dance           Hex            2%         N/A       41%         3
 Summon Lightning Spire   Summ/Air       10%        N/A       54%         4
 Passage of Golubria      Tloc           N/A        N/A       82%         4
 Yara's Violent Unravell  Hex/Tmut       1%         3d3       99%         5


Dungeon Overview and Level Annotations

Branches:
Dungeon (3/15)

Annotations:
D:2 Sigmund


Innate Abilities, Weirdness & Mutations

Your attributes grow dramatically as you level up.
You have an increased reservoir of magic. (+10% MP)
You shall have no god before yourself.


Message History

A beastly little devil appears in a puff of frigid air.
Your white imp says, "Let's raise destruction!"
Casting: Call Imp (safe; 4% risk of failure)
Confirm with . or Enter, or press ? or * to list all spells.
A beastly little devil appears in a puff of frigid air.
You swap places.
Something hits you.
Your hound barely misses something.
Your hound misses something. Something barely misses you.
Your hound bites something.
Something hits you.
Your hound barely misses something.
Something hits you!
* * * LOW HITPOINT WARNING * * *
Your hound barely misses something.
You hear some strange, mumbled words.
A puff of flame appears from out of thin air!
The puff of flame hits you.
* * * LOW HITPOINT WARNING * * *
You slash something!
Your hound closely misses something.
Your hound barely misses something.
You hear some strange, mumbled words.
You are confused.
Your hound closely misses something.
Something barely misses you.
Are you sure you want to stumble around while confused and next to your hound? [Y]es or [N]o only, please.
Are you sure you want to stumble around while confused and next to your hound? [Y]es or [N]o only, please.
Are you sure you want to stumble around while confused and next to your hound?
Okay, then.
There is a strange disturbance nearby!
It was a potion of curing.
You feel better.
Your hound barely misses something.
Something hits you.
* * * LOW HITPOINT WARNING * * *
Your hound bites something.
Unknown command.
You miss something.
Your hound bites something.
Something hits you.
* * * LOW HITPOINT WARNING * * *
Your hound closely misses something.
You hit something but do no damage.
Your hound bites something.
Something barely misses you.
Your hound closely misses something.
Something hits you!
You die...

#...†..#.# #..#.###.# ### #
#..#..<#.# #.. .# #..#^#.#.#
.######.###.######...#.#
..............{ #.....#
######...# #...#.#
...###......h{# #.#.#.#
.........###@5#.#....#.#...#
...###.#.#..5.#.#....#.##..#
#.#.#.#.##.#....#.##..#
.###.#.#.#.........#.##..#
.....#.#......#...##.##.>#
#..........†#...##.# ###
#...........#...##.#
#...............##.#
#...........#...##.#


You could see a friendly hound (summoned) and 2 friendly white imps.

Vanquished Creatures
  2 bats (D:1)
  3 endoplasms (D:1)
  A giant cockroach (D:2)
  A goblin (D:1)
  3 hobgoblins (D:1)
  A kobold (D:1)
  4 ball pythons (D:1)
  A frilled lizard (D:1)
16 creatures vanquished.

Vanquished Creatures (collateral kills)
  A gnoll (D:1)
  A worm (D:2)
  A dart slug (D:1)
  An endoplasm (D:1)
  A goblin (D:1)
  2 hobgoblins (D:1)
  2 quokkas (D:1)
  A ball python (D:1)
  3 bats
  3 kobolds (D:1)
  2 rats (D:1)
18 creatures vanquished.

Grand Total: 34 creatures vanquished

Notes
Turn   | Place    | Note
-------+----------+-------------------------------------------
     0 | D:1      | mainiacjoe the Demigod Summoner began the quest for the
                  | Orb.
     0 | D:1      | Reached XP level 1. HP: 14/14 MP: 5/5
   545 | D:1      | Reached XP level 2. HP: 18/20 MP: 4/7
   548 | D:1      | Learned a level 2 spell: Call Imp
   966 | D:1      | Reached skill level 4 in Summonings
  1040 | D:1      | Reached XP level 3. HP: 26/26 MP: 4/8
  1044 | D:1      | Learned a level 3 spell: Call Canine Familiar
  1390 | D:2      | You fall into a shaft and drop 1 floor!
  1637 | D:2      | Noticed Sigmund
  1652 | D:2      | Mangled by Sigmund

Illustrated notes

Levels and vault maps discovered:
D:1:      minmay_arrival_solitary_statue, layout_basic
D:2:      layout_basic, basic_altar, kennysheep_generic_room_12,
          uniq_crazy_yiuf_cottage, uniq_sigmund
D:3:      layout_basic, okawaru_metal_pillars_3,
          shapermc_ecumenical_altar_mp_vishouse, minmay_circle_x

Skill      XL: |  1  2 |
---------------+-------+-----
Stealth        | 2 |  2.4
Dodging        | 2 |  2.0
Spellcasting   | 2 |  2.1
Summonings     | 4 |  4.0

Action                   || total
-------------------------++-------
Melee: Great sword       ||    30
Throw: Stone             ||     5
 Cast: Summon Small Mamm ||    29
       Call Imp          ||    16
       Call Canine Famil ||     1
  Use: Potion            ||     1
 Stab: Sleeping          ||     1
Armor: Robe              ||    15
Dodge: Dodged            ||    50
       Rpst.: Great sword ||    10
